[Event "*** Titled Tuesday Blitz"]
[Site "Chess.com"]
[Date "2020.04.07"]
[Round "1"]
[White "chessdjw"]
[Black "mmaks007"]
[Result "1-0"]
[WhiteElo "2651"]
[BlackElo "2322"]
[TimeControl "180+1"]
[EndTime "13:05:38 PDT"]
[Termination "chessdjw won by resignation"]

1. e4 g6 2. d4 Bg7 3. Nc3 d6 4.
Be3 a6 5. Qd2 b5 6. O-O-O Nd7 7.
h4 h5 8. Nh3 Ngf6 9. f3 Bb7 10.
Ng5 Rc8 11. Kb1 c5 12. dxc5 Nxc5 13. e5 Nfd7 14. exd6 O-O 15. dxe7 Qxe7 16. Bd4 Ne5 17. Qf4 b4 18. Nce4 Nxe4 19. Nxe4 a5 20. Bb5 Bc6 21. Bc5 Qb7 22. Bxc6 Qxc6 23. Bxf8 Qxc2+ 24. Ka1 Rxf8 25. Nf6+ Bxf6 26. Qxf6 Nd3 27. Qd4 1-0

[Event "*** Titled Tuesday Blitz"]
[Site "Chess.com"]
[Date "2020.04.07"]
[Round "1"]
[White "IwkooO"]
[Black "SidArun"]
[Result "1-0"]
[WhiteElo "2572"]
[BlackElo "2214"]
[TimeControl "180+1"]
[EndTime "13:05:38 PDT"]
[Termination "IwkooO won by resignation"]

1. e4 c6 2. d4 d5 3. e5 Bf5 4. Nd2 e6 5. Nb3 Nd7 6. Nf3 Ne7 7. Be2 c5 8. dxc5 Nc6 9. O-O Ndxe5 10. Nxe5 Nxe5 11. Bb5+ Nc6 12. Nd4 Rc8 13. Nxf5 exf5 14.
Re1+ Be7 15. Qe2 Kf8 16. Be3 d4 17. Bxc6 dxe3 18. Rad1 Qc7 19. Bd7 exf2+ 20. Kxf2 Qf4+ 21. Kg1 1-0

[Event "*** Titled Tuesday Blitz"]
[Site "Chess.com"]
[Date "2020.04.07"]
[Round "1"]
[White "Charlottemillard17"]
[Black "SerGo055"]
[Result "0-1"]
[WhiteElo "1319"]
[BlackElo "2501"]
[TimeControl "180+1"]
[EndTime "13:05:38 PDT"]
[Termination "SerGo055 won by checkmate"]

1. e4 d5 2. exd5 Qxd5 3. Nc3 Qd8 4. d4 Nf6 5. Nf3 c6 6. Bc4 Bf5 7. Bf4 e6 8. h3 Nd5 9. Bxd5 cxd5 10. Ne5 Nc6 11.
Nxc6 bxc6 12. O-O Bd6 13. Bxd6 Qxd6 14. Ne2 O-O 15. Ng3 Bg6 16. Qd2 Rab8 17. Rab1 c5 18.
dxc5 Qxc5 19. Rfc1 Rfc8 20. Qc3 Qxc3 21. bxc3 Rxb1 22. Rxb1 Bxc2 23. Rb2 Bd3 24. Rb7 a6 25. Rb3 Bc4 26. Ra3 Rb8 27. Nf1 Rb1 28. Kh2 Rxf1 29. Ra4 Rxf2 30. Rb4 g6 31. Ra4 Rxa2 32. Rxa2 Bxa2 33.
Kg3 a5 34. Kf4 a4 35. Ke5 a3 36. Kf6 Bc4 37. g4 a2 38. h4 a1=Q 39. g5 Qxc3+ 40. Ke7 Kg7 41. h5 gxh5 42. g6 hxg6 43. Ke8 h4 44. Ke7 h3 45. Ke8 h2 46. Ke7 h1=Q 47.
Ke8 Bb5+ 48. Ke7 Qc7# 0-1

[Event "*** Titled Tuesday Blitz"]
[Site "Chess.com"]
[Date "2020.04.07"]
[Round "1"]
[White "RD4ever"]
[Black "ehrenfeld"]
[Result "1-0"]
[WhiteElo "2868"]
[BlackElo "2454"]
[TimeControl "180+1"]
[EndTime "13:05:42 PDT"]
[Termination "RD4ever won on time"]

1. e4 e5 2. Nf3 Nc6 3. Nc3 Nf6 4. Be2 Bc5 5. Nxe5 Nxe5 6. d4 Bd6 7. dxe5 Bxe5 8. Nb5 c6 9. Nd6+ Bxd6 10. Qxd6 Nxe4 11.
Qe5+ Qe7 12. Qxg7 Qf6 13. Qxf6 Nxf6 14. O-O d5 15. Re1 Be6 16. Be3 Kd7 17. Bd4 Ke7 18.
a4 Rhg8 19. Ra3 Ne4 20. f3 Nd6 21. Bd3 h5 22. a5 Kd7 23. Rb3 a6 24. Bf2 Nb5 25.
Re5 Rh8 26. Rb4 Rae8 27. Rh4 f6 28. Rexh5 Rxh5 29. Rxh5 Kd6 30. b4 1-0

[Event "*** Titled Tuesday Blitz"]
[Site "Chess.com"]
[Date "2020.04.07"]
[Round "1"]
[White "MishkaFighter"]
[Black "renanreis"]
[Result "1-0"]
[WhiteElo "2570"]
[BlackElo "2202"]
[TimeControl "180+1"]
[EndTime "13:05:43 PDT"]
[Termination "MishkaFighter won by resignation"]

1. d4 Nf6 2. c4 e6 3. Nf3 c5 4. d5 b5 5. dxe6 fxe6 6. cxb5 d5 7.
g3 Bd6 8. Bg2 O-O 9. O-O Nbd7 10.
Nc3 Qe7 11. e4 d4 12. e5 Nxe5 13. Nxe5 Bxe5 14. Bxa8 dxc3 15. bxc3 Bxc3 16. Rb1 Bd4 17. Be3 e5 18. Bg2 Bg4 19. Qb3+ Be6 20. Qc2 Qf7 21.
Rfe1 Ng4 22. Bxd4 cxd4 23. h3 Bf5 24. Qc6 Bd7 25. Bd5 Bxc6 26. Bxf7+ Rxf7 27. bxc6 Nf6 28. Rb8+ Rf8 29. c7 Nd7 30. Rxf8+ 1-0

[Event "*** Titled Tuesday Blitz"]
[Site "Chess.com"]
[Date "2020.04.07"]
[Round "1"]
[White "cassoulet"]
[Black "2nd_life"]
[Result "1-0"]
[WhiteElo "2754"]
[BlackElo "2400"]
[TimeControl "180+1"]
[EndTime "13:05:44 PDT"]
[Termination "cassoulet won on time"]

1. e4 e5 2. Nf3 Nc6 3. Bc4 Nf6 4.
d3 h6 5. O-O d6 6. a3 g6 7. h3 Bg7 8. Nc3 O-O 9. Nh2 Be6 10.
Bxe6 fxe6 11. f4 exf4 12. Bxf4 Nh5 13. Be3 Rxf1+ 14. Nxf1 Qh4 15. Qd2 Kh7 16. Nb5 Qe7 17. c3 a6 18. Nd4 Nxd4 19. cxd4 Rf8 20. Rc1 c6 21. Qb4 Nf4 22. Qd2 Qg5 23. Kh1 e5 24.
dxe5 dxe5 25. g3 Qh5 26. gxf4 exf4 27. Bc5 Rd8 28. d4 Qxh3+ 29. Nh2 f3 30. Qf2 1-0

[Event "*** Titled Tuesday Blitz"]
[Site "Chess.com"]
[Date "2020.04.07"]
[Round "1"]
[White "olksuna"]
[Black "IrI_Cheetah"]
[Result "0-1"]
[WhiteElo "2592"]
[BlackElo "2311"]
[TimeControl "180+1"]
[EndTime "13:05:45 PDT"]
[Termination "IrI_Cheetah won by resignation"]

1. d4 Nf6 2. c4 b6 3. Nc3 Bb7 4. Qc2 e6 5. e4 Bb4 6. Bd3 Nc6 7.
Ne2 e5 8. dxe5 Nxe5 9. O-O O-O 10. Bg5 Be7 11. Rae1 Nfg4 12. Bf4 Ng6 13. Bc1 Bd6 14.
g3 f5 15. Nd4 f4 16. Nf5 fxg3 17. hxg3 Rxf5 18. exf5 Qh4 19. f3 Bc5+ 20. Be3 Qxg3+ 21. Qg2 Bxe3+ 22. Rxe3 Qxg2+ 23. Kxg2 Nxe3+ 24. Kf2 Nxf1 25. fxg6 Nh2 26. gxh7+ Kh8 27. Nd5 Bxd5 28. cxd5 Rf8 29. Be4 Ng4+ 30. Kg3 Nf6 0-1

[Event "*** Titled Tuesday Blitz"]
[Site "Chess.com"]
[Date "2020.04.07"]
[Round "1"]
[White "Nikolakis2014"]
[Black "Filip_Covic"]
[Result "1-0"]
[WhiteElo "2683"]
[BlackElo "2344"]
[TimeControl "180+1"]
[EndTime "13:05:47 PDT"]
[Termination "Nikolakis2014 won by resignation"]

1. Nf3 Nf6 2. c4 e6 3. g3 Be7 4. Bg2 O-O 5. O-O d5 6. d4 dxc4 7. Qc2 b5 8. a4 b4 9. Nfd2 c6 10. Nxc4 Bb7 11. Rd1 Nbd7 12. Bg5 Qc8 13. Na5 Nd5 14.
Bxe7 Nxe7 15. Nd2 Qc7 16. Ndb3 Rac8 17. Rac1 Ba8 18. e4 e5 19. d5 Qb6 20. Nc4 Qb8 21. d6 Ng6 22. Bh3 Rfd8 23. Bxd7 Rxd7 24. Nc5 Rdd8 25. Qd2 Bb7 26. Qxb4 1-0

[Event "*** Titled Tuesday Blitz"]
[Site "Chess.com"]
[Date "2020.04.07"]
[Round "1"]
[White "annacramling"]
[Black "harvsp123"]
[Result "0-1"]
[WhiteElo "1961"]
[BlackElo "2514"]
[TimeControl "180+1"]
[EndTime "13:05:48 PDT"]
[Termination "harvsp123 won by checkmate"]

1. d4 g6 2. c4 Bg7 3. Nc3 d6 4. e4 e5 5. Nf3 Nc6 6. Be3 Bg4 7. d5 Nd4 8. Be2 Nxe2 9. Qxe2 Nf6 10. h3 Bd7 11. g4 c6 12. O-O-O cxd5 13. exd5 Qa5 14. Nd2 O-O 15. g5 Nh5 16. Nde4 b5 17. cxb5 Rac8 18. Nxd6 Nf4 19. Qd2 Qxa2 20. Nxc8 Rxc8 21. Qc2 Qa1+ 22. Qb1 Qa5 23. Bd2 Ne2+ 24. Kc2 Bf5+ 25.
Kb3 Nd4# 0-1

[Event "*** Titled Tuesday Blitz"]
[Site "Chess.com"]
[Date "2020.04.07"]
[Round "1"]
[White "igorkovalenko"]
[Black "Girkassa"]
[Result "1-0"]
[WhiteElo "2900"]
[BlackElo "2420"]
[TimeControl "180+1"]
[EndTime "13:05:49 PDT"]
[Termination "igorkovalenko won by resignation"]

1. d4 d5 2. c4 e6 3. Nc3 Bb4 4. Nf3 Nf6 5. cxd5 exd5 6. Bg5 Qd6 7. e3 h6 8. Bh4 Ne4 9. Rc1 O-O 10. Bd3 Bf5 11.
O-O Nd7 12. Bxe4 dxe4 13. Bg3 Qf6 14. Nd2 Bxc3 15. bxc3 c6 16. c4 Qg6 17. a4 Nf6 18. Qb3 b6 19. a5 bxa5 20. Qa4 Nh5 21. Qxa5 Nxg3 22. hxg3 Rfe8 23. Nb3 h5 24. Nc5 Qh6 25. Qc7 Qf6 26. Ra1 Re7 27. Qa5 h4 28. Qd2 hxg3 29.
fxg3 Qg5 30. Qf2 Bg6 31. Qf4 Qh5 32. g4 Qh4 33. Ra6 Ree8 34. Nd7 f6 35. Rxc6 a5 36. g5 Qh5 37. gxf6 Bf7 38. fxg7 Kxg7 39. Qg3+ Bg6 40. Nf6 1-0

[Event "*** Titled Tuesday Blitz"]
[Site "Chess.com"]
[Date "2020.04.07"]
[Round "1"]
[White "Gabix_94"]
[Black "SCIM"]
[Result "1/2-1/2"]
[WhiteElo "2884"]
[BlackElo "2468"]
[TimeControl "180+1"]
[EndTime "13:05:50 PDT"]
[Termination "Game drawn by repetition"]

1. d4 Nf6 2. c4 g6 3. Nc3 d5 4.
cxd5 Nxd5 5. e4 Nxc3 6. bxc3 Bg7 7. Bc4 c5 8. Ne2 Nc6 9. Be3 O-O 10. h4 cxd4 11. cxd4 Qa5+ 12. Kf1 Qa3 13. h5 Bg4 14. hxg6 hxg6 15. Bb3 Bxe2+ 16. Qxe2 Nxd4 17. Bxd4 Bxd4 18. Rd1 Bg7 19. Rh3 Qa6 20. Qxa6 bxa6 21. Rd7 e6 22. Rhd3 a5 23. g3 Bf6 24. f4 Rfd8 25.
e5 Be7 26. Ke2 Rxd7 27. Rxd7 Kf8 28. Kf3 Bc5 29. g4 Bb6 30. f5 gxf5 31. gxf5 Rd8 32.
fxe6 fxe6 33. Rh7 Rd3+ 34. Kg4 Rd4+ 35. Kf3 Rd3+ 36. Kg4 Rd4+ 37. Kf3 Rd3+ 1/2-1/2

[Event "*** Titled Tuesday Blitz"]
[Site "Chess.com"]
[Date "2020.04.07"]
[Round "1"]
[White "tomozupan"]
[Black "Fy_Rakotomaharo"]
[Result "0-1"]
[WhiteElo "2262"]
[BlackElo "2603"]
[TimeControl "180+1"]
[EndTime "13:05:50 PDT"]
[Termination "Fy_Rakotomaharo won by checkmate"]

1. d4 Nf6 2. Bg5 d5 3. Bxf6 gxf6 4. c4 c5 5. e3 cxd4 6. exd4 Nc6 7.
Nf3 Bg4 8. cxd5 Qxd5 9. Nc3 Qe6+ 10. Be2 Bxf3 11. gxf3 O-O-O 12. d5 Qe5 13. Qa4 Nd4 14. Qxa7 Nc2+ 15. Kd2 Nxa1 16. Rxa1 Bh6+ 17. Kc2 Qb8 18. Qa5 Rd7 19. Rd1 Rhd8 20. Nb5 Rc7+ 21. Kb1 Rxd5 22. Na7+ Qxa7 23. Qxa7 Rxd1+ 24. Bxd1 Rc1# 0-1

[Event "*** Titled Tuesday Blitz"]
[Site "Chess.com"]
[Date "2020.04.07"]
[Round "1"]
[White "ersekitamara"]
[Black "Mikhail_Golubev"]
[Result "0-1"]
[WhiteElo "1890"]
[BlackElo "2506"]
[TimeControl "180+1"]
[EndTime "13:05:50 PDT"]
[Termination "Mikhail_Golubev won by resignation"]

1. d4 Nf6 2. Bg5 Ne4 3. Bf4 c5 4. f3 Qa5+ 5. c3 Nf6 6. d5 Qb6 7.
Bc1 e6 8. e4 exd5 9. exd5 c4 10. Bxc4 Bc5 11. Ne2 O-O 12. b4 Bf2+ 13. Kf1 d6 14. Bg5 Nbd7 15. Nd2 Be3 16. Bxe3 Qxe3 17. Qc2 Ne5 18. Re1 Nfg4 19. fxg4 Nxg4 20. Ne4 f5 21. Nf6+ Rxf6 22. Ng3 Qf4+ 23. Kg1 Qxc4 24. Qa4 Qxc3 25. Qe8+ Rf8 26. Qe7 Qd4+ 0-1

[Event "*** Titled Tuesday Blitz"]
[Site "Chess.com"]
[Date "2020.04.07"]
[Round "1"]
[White "Sibelephant"]
[Black "dopolian"]
[Result "1-0"]
[WhiteElo "3152"]
[BlackElo "2500"]
[TimeControl "180+1"]
[EndTime "13:05:51 PDT"]
[Termination "Sibelephant won by checkmate"]

1. d4 Nf6 2. Nf3 e6 3. Bg5 d5 4. e3 Be7 5. Nbd2 O-O 6. Bd3 Nbd7 7. O-O c5 8. c3 Qc7 9. Qe2 e5 10. e4 dxe4 11. Nxe4 exd4 12. cxd4 cxd4 13. Nxd4 Re8 14. Nf5 Qe5 15. Rae1 Kf8 16. Qf3 Nd5 17. Bxe7+ Nxe7 18. Ng5 Qc5 19. Nxg7 Kxg7 20. Qxf7+ Kh6 21. Ne6 Qh5 22. Qg7# 1-0

[Event "*** Titled Tuesday Blitz"]
[Site "Chess.com"]
[Date "2020.04.07"]
[Round "1"]
[White "GGX0X0"]
[Black "Zavgorodniy_Serg"]
[Result "0-1"]
[WhiteElo "2331"]
[BlackElo "2663"]
[TimeControl "180+1"]
[EndTime "13:05:53 PDT"]
[Termination "Zavgorodniy_Serg won by resignation"]

1. d4 Nf6 2. c4 e6 3. Nf3 Bb4+ 4. Bd2 Qe7 5. a3 Bxd2+ 6. Nbxd2 d6 7. e3 b6 8. Bd3 Bb7 9. O-O Nbd7 10. Qc2 O-O 11.
b4 e5 12. d5 Rfe8 13. Bf5 g6 14. Bxd7 Nxd7 15. e4 Rf8 16. Rac1 a5 17. Qc3 f5 18. Rb1 h6 19. exf5 Rxf5 20. Qe3 Qg7 21. Nb3 a4 22. Nbd2 b5 23. cxb5 Nb6 24. Nh4 Rf4 25. g3 Nxd5 26. Qe2 Rxh4 27. gxh4 Nf4 28. Qg4 h5 0-1

[Event "*** Titled Tuesday Blitz"]
[Site "Chess.com"]
[Date "2020.04.07"]
[Round "1"]
[White "jncool68"]
[Black "TomPolgar"]
[Result "1-0"]
[WhiteElo "2646"]
[BlackElo "2314"]
[TimeControl "180+1"]
[EndTime "13:05:53 PDT"]
[Termination "jncool68 won by resignation"]

1. e4 c5 2. Nf3 Nc6 3. Bb5 Nf6 4. Nc3 Qc7 5. O-O Nd4 6. Nxd4 cxd4 7. Nd5 Nxd5 8. exd5 Qc5 9. c4 a6 10. b4 Qxb4 11.
Ba4 b5 12. cxb5 axb5 13. Bb3 g6 14. d6 e6 15. Qf3 Rb8 16. Qf6 Rg8 17. Bb2 Qxd6 18.
Qh4 Bg7 19. a4 b4 20. a5 Ba6 21. Rfe1 h5 22. Rac1 Qe7 23. Qg3 d6 24. Rc6 Bb7 25. Rxd6 h4 26. Rdxe6 hxg3 27. Rxe7+ Kd8 28. hxg3 Bh6 29.
Bxd4 Bc6 30. Bb6+ Kc8 31. Rc7+ 1-0

[Event "*** Titled Tuesday Blitz"]
[Site "Chess.com"]
[Date "2020.04.07"]
[Round "1"]
[White "kingmonkey2006"]
[Black "tandaleo"]
[Result "0-1"]
[WhiteElo "2629"]
[BlackElo "2330"]
[TimeControl "180+1"]
[EndTime "13:05:54 PDT"]
[Termination "tandaleo won by checkmate"]

1. d4 d5 2. Nf3 Nf6 3. Bf4 e6 4.
e3 Bd6 5. Bg3 O-O 6. Nbd2 b6 7.
c3 Bb7 8. Bd3 Ne4 9. Qc2 f5 10.
Be5 Nd7 11. Bxd6 cxd6 12. O-O Rc8 13. a4 a6 14. Rfd1 Ndf6 15. Qb3 Ng4 16. Rf1 Kh8 17.
h3 Ngf6 18. c4 Nxd2 19. Nxd2 dxc4 20. Nxc4 Nd5 21. Qa3 Qg5 22. g3 f4 23. exf4 Nxf4 24.
Kh2 Nxh3 25. Nxd6 Nxf2 26. Nxb7 Qh5+ 27. Kg1 Qh1# 0-1

[Event "*** Titled Tuesday Blitz"]
[Site "Chess.com"]
[Date "2020.04.07"]
[Round "1"]
[White "orrbaverlekszarnyon"]
[Black "nurgyulsalimova"]
[Result "0-1"]
[WhiteElo "2138"]
[BlackElo "2536"]
[TimeControl "180+1"]
[EndTime "13:05:55 PDT"]
[Termination "nurgyulsalimova won by checkmate"]

1. e4 c6 2. Bc4 d5 3. Bb3 dxe4 4. Qh5 e6 5. Nc3 Nf6 6. Qh4 Be7 7. Nxe4 O-O 8. Nf3 Nd5 9. Qg3 Nd7 10. d3 N7f6 11.
O-O a5 12. a3 Nh5 13. Qe5 Nhf4 14. Bxf4 f6 15. Qh5 Nxf4 16. Qh4 Ng6 17. Qh3 Kh8 18. Nh4 Nxh4 19. Qxh4 f5 20. Qh5 fxe4 21. dxe4 Qe8 22.
Qe5 Bf6 23. Qg3 a4 24. Bc4 Qg6 25. Qc7 e5 26. Rad1 Bh3 27. g3 Bxf1 28. Bxf1 Rad8 29. Re1 Qf7 30. Qa5 b5 31. c4 bxc4 32. Qxa4 Rd2 33. Bxc4 Qb7 34. b4 Qb6 35. Rf1 Bg5 36. b5 Rdxf2 37. Rxf2 Qxf2+ 38. Kh1 Qf3+ 39. Kg1 Be3# 0-1

[Event "*** Titled Tuesday Blitz"]
[Site "Chess.com"]
[Date "2020.04.07"]
[Round "1"]
[White "manubibi"]
[Black "aquiles88"]
[Result "1-0"]
[WhiteElo "2562"]
[BlackElo "2206"]
[TimeControl "180+1"]
[EndTime "13:05:56 PDT"]
[Termination "manubibi won by resignation"]

1. e4 d6 2. d4 g6 3. Nc3 Bg7 4. Nf3 a6 5. a4 b6 6. Bc4 e6 7. Bg5 Ne7 8. h4 h6 9. Be3 Bb7 10. h5 g5 11. d5 e5 12. g4 Bc8 13. Nh2 Nd7 14. Nf1 Nf6 15. f3 O-O 16. Qd2 Nh7 17. Ng3 f6 18. a5 b5 19. Bb3 Re8 20.
Na2 Bd7 21. Nb4 Nf8 22. c4 bxc4 23. Bxc4 Bb5 24. Bxb5 axb5 25. a6 Nd7 26. Qc3 Qb8 27. Kf2 Nb6 28. b3 Rc8 29. Rhc1 Ra7 30. Ra5 c5 31.
dxc6 Rac7 32. Rxb5 1-0

[Event "*** Titled Tuesday Blitz"]
[Site "Chess.com"]
[Date "2020.04.07"]
[Round "1"]
[White "ADODOVE"]
[Black "adiosabu"]
[Result "0-1"]
[WhiteElo "1783"]
[BlackElo "2502"]
[TimeControl "180+1"]
[EndTime "13:05:56 PDT"]
[Termination "adiosabu won by resignation"]

1. e4 c5 2. Nf3 Nc6 3. d4 cxd4 4.
Nxd4 e5 5. Nb5 a6 6. Nd6+ Bxd6 7. Qxd6 Qe7 8. Qxe7+ Ngxe7 9. b3 d5 10. exd5 Nb4 11.
Bd3 Bf5 12. Bxf5 Nxf5 13. Na3 Nxd5 14. O-O O-O 15. Nc4 f6 16. Ba3 Rfd8 17. Rad1 Nc3 18. Rxd8+ Rxd8 19. f4 exf4 20. Rxf4 Ne2+ 21. Kf2 Nxf4 22.
Kf3 Ne6 23. g4 Nfd4+ 24. Kg3 Nxc2 25. Bb2 b5 26. Nb6 Rd3+ 27. Kf2 Nb4 28. a3 Rd2+ 29.
Ke3 Rxb2 30. axb4 Rxb3+ 31. Ke4 Rxb4+ 32. Kd5 Kf7 33. Kc6 Rxg4 34. Nd5 b4 35. Kb6 a5 0-1

[Event "*** Titled Tuesday Blitz"]
[Site "Chess.com"]
[Date "2020.04.07"]
[Round "1"]
[White "Ali_rastbod"]
[Black "GodDMuhammad"]
[Result "0-1"]
[WhiteElo "2625"]
[BlackElo "2325"]
[TimeControl "180+1"]
[EndTime "13:06:00 PDT"]
[Termination "GodDMuhammad won by resignation"]

1. c4 Nf6 2. Nc3 e6 3. e4 d5 4. e5 d4 5. exf6 dxc3 6. bxc3 gxf6 7. d4 c5 8. Nf3 Nc6 9. d5 Ne5 10. Nxe5 fxe5 11. Qh5 Qf6 12. Bd3 e4 13. O-O exd3 14. Re1 Qxc3 15. Bg5 d2 16. Red1 Bg7 17. Bxd2 Qxc4 18.
dxe6 Bxe6 19. Rac1 Qd5 20. Bg5 Qf5 21. Qh4 O-O 22.
Be7 Rfc8 23. h3 c4 24. Bb4 c3 25. Rd4 Bxd4 26. Qxd4 Rc4 27. Qd6 Qf4 0-1

[Event "*** Titled Tuesday Blitz"]
[Site "Chess.com"]
[Date "2020.04.07"]
[Round "1"]
[White "medalja"]
[Black "fireheart92"]
[Result "0-1"]
[WhiteElo "2458"]
[BlackElo "2876"]
[TimeControl "180+1"]
[EndTime "13:06:01 PDT"]
[Termination "fireheart92 won by resignation"]

1. d4 d5 2. c4 dxc4 3. Nf3 Nf6 4. e3 Bg4 5. Bxc4 e6 6. O-O Be7 7. Nc3 O-O 8. h3 Bh5 9. Qe2 c5 10. Rd1 cxd4 11. exd4 Nd5 12. Ne4 Nc6 13. Ng3 Bg6 14. Ne5 Rc8 15. a3 Bf6 16. Nxg6 hxg6 17. Be3 Nxe3 18. fxe3 Bg5 19. Ne4 Bh6 20. Nc5 Qe7 21.
Qf3 b6 22. Ne4 Rfd8 23. Ba2 Kh7 24. Kh1 f5 25. Nc3 e5 26. d5 e4 27. Qe2 Ne5 28. Nb5 Nd3 29. Nc3 Qg5 30. Rxd3 exd3 31. Qxd3 Qxe3 32. Qxe3 Bxe3 33. Rd1 Bf4 34. Bb1 Be5 35.
Nb5 a6 36. Na7 Rc7 37. Nc6 Rxc6 0-1

[Event "*** Titled Tuesday Blitz"]
[Site "Chess.com"]
[Date "2020.04.07"]
[Round "1"]
[White "Chopper1905"]
[Black "Natalya_Buksa"]
[Result "1-0"]
[WhiteElo "2850"]
[BlackElo "2448"]
[TimeControl "180+1"]
[EndTime "13:06:01 PDT"]
[Termination "Chopper1905 won by resignation"]

1. d4 d5 2. c4 e6 3. Nc3 Nf6 4. Nf3 Nbd7 5. Qc2 c5 6. cxd5 Nxd5 7. Nxd5 exd5 8. Bg5 Be7 9. Bxe7 Qxe7 10. dxc5 Nxc5 11. e3 O-O 12. Bd3 h6 13. O-O Bg4 14. Nd4 Rac8 15. Qd2 Ne6 16. Nb3 Rfd8 17. Rac1 Nc5 18. Nxc5 Rxc5 19.
Qb4 Rdc8 20. Rxc5 Qxc5 21. Qxg4 Rd8 22. Qd4 Qa5 23. a3 Rc8 24. h3 b6 25. Qb4 Qxb4 26.
axb4 a5 27. bxa5 bxa5 28. Ra1 Rc5 29. b4 axb4 1-0

[Event "*** Titled Tuesday Blitz"]
[Site "Chess.com"]
[Date "2020.04.07"]
[Round "1"]
[White "Eltaj_Safarli"]
[Black "TomasKapitanchuk"]
[Result "1-0"]
[WhiteElo "3064"]
[BlackElo "2493"]
[TimeControl "180+1"]
[EndTime "13:06:02 PDT"]
[Termination "Eltaj_Safarli won by resignation"]

1. e4 c5 2. Nc3 Nc6 3. Bb5 Nd4 4.
Nf3 e6 5. O-O a6 6. Bd3 Ne7 7.
Nxd4 cxd4 8. Ne2 Nc6 9. c3 d5 10. cxd4 dxe4 11. Bxe4 Nxd4 12. Qa4+ Nb5 13. d4 Bd6 14. Be3 O-O 15. Qc2 h6 16. Rad1 Nc7 17. Nc3 Rb8 18. Qd2 Qf6 19. Bb1 Qh4 20. g3 Qh3 21. Ne4 Be7 22. Bf4 e5 23. Bxe5 Bg4 24. f3 Rbc8 25. fxg4 Qxg4 26. Qf4 Qd7 27. Qf5 Qxf5 28.
Rxf5 Ne6 29. d5 Rfd8 30. d6 Bf8 31. Rdf1 1-0

[Event "*** Titled Tuesday Blitz"]
[Site "Chess.com"]
[Date "2020.04.07"]
[Round "1"]
[White "Kimster98"]
[Black "GeorgMeier"]
[Result "0-1"]
[WhiteElo "2488"]
[BlackElo "3015"]
[TimeControl "180+1"]
[EndTime "13:06:02 PDT"]
[Termination "GeorgMeier won by resignation"]

1. Nf3 d5 2. d4 Nf6 3. Bf4 c5 4. e3 Nc6 5. Nbd2 Bg4 6. c3 e6 7.
Qb3 Qc8 8. c4 Bxf3 9. Nxf3 cxd4 10. Nxd4 Bb4+ 11. Kd1 Be7 12. cxd5 exd5 13. f3 O-O 14.
Bd3 Re8 15. Rc1 Qd7 16. Bf5 Nxd4 17. Bxd7 Nxb3 18. Bxe8 Nxc1 19. Bxf7+ Kxf7 20. Kxc1 Rc8+ 21. Kd2 Ke6 22. Bg3 a6 23. Kd3 Nd7 0-1

[Event "*** Titled Tuesday Blitz"]
[Site "Chess.com"]
[Date "2020.04.07"]
[Round "1"]
[White "Hanging_pointer"]
[Black "champ2005"]
[Result "0-1"]
[WhiteElo "2486"]
[BlackElo "3001"]
[TimeControl "180+1"]
[EndTime "13:06:02 PDT"]
[Termination "champ2005 won by resignation"]

1. d4 Nf6 2. c4 Nc6 3. Nf3 e6 4. Nc3 Bb4 5. Qc2 d6 6. Bg5 h6 7. Bh4 Bxc3+ 8. bxc3 e5 9. e3 Qe7 10. Be2 b6 11. O-O Bb7 12. Rad1 g5 13. Bg3 Nh5 14. d5 Nxg3 15. hxg3 Na5 16. Nd2 Bc8 17. Bd3 Nb7 18.
Bf5 Bd7 19. g4 O-O-O 20. Ne4 h5 21. Bxd7+ Rxd7 22. gxh5 f5 23. Ng3 f4 24. Nf5 Qh7 25. g4 fxg3 26. Kg2 gxf2 27. Rh1 Rf7 28. e4 Nc5 29.
Rdf1 Nxe4 30. Qxe4 Rxf5 31. h6 Rf7 32. Qxh7 Rfxh7 33. Rxf2 Rxh6 34. Rxh6 Rxh6 35. Rf5 Rh4 36. c5 bxc5 0-1

[Event "*** Titled Tuesday Blitz"]
[Site "Chess.com"]
[Date "2020.04.07"]
[Round "1"]
[White "2L8IWUN"]
[Black "Alonmindlin"]
[Result "1-0"]
[WhiteElo "2360"]
[BlackElo "2667"]
[TimeControl "180+1"]
[EndTime "13:06:03 PDT"]
[Termination "2L8IWUN won by resignation"]

1. d4 Nf6 2. Nf3 d5 3. Bf4 c5 4. e3 Nc6 5. Nbd2 Bf5 6. c3 cxd4 7. exd4 e6 8. Qb3 Qc8 9. Nh4 Be4 10. Nxe4 Nxe4 11. Nf3 Be7 12. Bd3 f5 13. Ne5 g5 14. Nxc6 bxc6 15. Be5 Nf6 16. f3 Kf7 17. O-O Rg8 18. Rae1 Qd7 19. g4 f4 20.
h4 h5 21. hxg5 Rxg5 22. Bxf4 Rg7 23. g5 Rag8 24. g6+ Rxg6+ 25. Bxg6+ Rxg6+ 26. Kf2 Bd6 27. Bxd6 Qxd6 28. Re5 Nd7 29. Qb7 Kf6 30. f4 Rg7 31. Rfe1 Re7 32. Qa8 Kf7 33. Qh8 Nf8 34. Qxh5+ Kf6 35. f5 Rh7 36. Qxh7 Nxh7 37. Rxe6+ Qxe6 38. Rxe6+ Kxf5 39. Rxc6 Nf6 40. Rxf6+ Kxf6 41. b3 1-0

[Event "*** Titled Tuesday Blitz"]
[Site "Chess.com"]
[Date "2020.04.07"]
[Round "1"]
[White "DeGrootteZ"]
[Black "Enriquack"]
[Result "0-1"]
[WhiteElo "2689"]
[BlackElo "2432"]
[TimeControl "180+1"]
[EndTime "13:06:05 PDT"]
[Termination "Enriquack won by resignation"]

1. e4 c5 2. Nf3 e6 3. d4 cxd4 4.
Nxd4 Nc6 5. Nc3 Qc7 6. Be3 a6 7.
Qd2 b5 8. f4 Bb7 9. Bd3 Na5 10.
O-O Be7 11. Kh1 Nc4 12. Bxc4 bxc4 13. Rae1 Nf6 14. e5 Ng4 15. Bg1 h5 16. Nf3 h4 17. h3 Nh6 18. Nd4 Bc5 19. Nce2 Rb8 20. Kh2 Ba8 21. Qc3 d6 22. Qxc4 dxe5 23. Nxe6 Bxg1+ 24. Kxg1 Qxc4 25. Nxg7+ Kf8 26. Nh5 Rg8 27. Rf2 Qe4 0-1

[Event "*** Titled Tuesday Blitz"]
[Site "Chess.com"]
[Date "2020.04.07"]
[Round "1"]
[White "Kiborg95"]
[Black "czasnaszachy"]
[Result "1-0"]
[WhiteElo "2675"]
[BlackElo "2335"]
[TimeControl "180+1"]
[EndTime "13:06:05 PDT"]
[Termination "Kiborg95 won by resignation"]

1. e4 c5 2. Nc3 Nc6 3. Nge2 e6 4. d4 cxd4 5. Nxd4 Qc7 6. Be3 a6 7. f4 b5 8. Bd3 Bb7 9. Nb3 d6 10. O-O Nf6 11. Qf3 Be7 12. Qh3 Nb4 13. Nd4 Nxd3 14.
cxd3 O-O 15. a3 d5 16. e5 Nd7 17. Rf3 Qd8 18. Qh5 g6 19. Qh6 Re8 20. Rh3 Nf8 21. Rf1 Rc8 22. Nce2 Rc7 23. g4 Bc8 24.
f5 exf5 25. gxf5 Bc5 26. f6 1-0

[Event "*** Titled Tuesday Blitz"]
[Site "Chess.com"]
[Date "2020.04.07"]
[Round "1"]
[White "Kumi29"]
[Black "gmcorrales"]
[Result "0-1"]
[WhiteElo "2438"]
[BlackElo "2822"]
[TimeControl "180+1"]
[EndTime "13:06:08 PDT"]
[Termination "gmcorrales won on time"]

1. d4 Nf6 2. Bg5 Ne4 3. h4 c5 4. d5 Qb6 5. Nd2 Nxd2 6. Bxd2 Qxb2 7. Nf3 d6 8. e4 Qa3 9. Rb1 a6 10. Rb3 Qa4 11. c4 b5 12. cxb5 Qxe4+ 13. Be3 g6 14. h5 Bg7 15. Rh4 Qf5 16. h6 Bf6 17. Rf4 Qd7 18. bxa6 O-O 19. Rxf6 exf6 20. Qa1 Qe7 21. Kd2 Bxa6 22. Bxa6 Rxa6 23. Bg5 Nd7 0-1

[Event "*** Titled Tuesday Blitz"]
[Site "Chess.com"]
[Date "2020.04.07"]
[Round "1"]
[White "MusicCityMaster"]
[Black "Atakishiyev04"]
[Result "0-1"]
[WhiteElo "2315"]
[BlackElo "2648"]
[TimeControl "180+1"]
[EndTime "13:06:08 PDT"]
[Termination "Atakishiyev04 won by resignation"]

1. d4 Nf6 2. c4 g6 3. Nc3 d5 4.
Bf4 Bg7 5. Rc1 Nh5 6. Bd2 c5 7.
dxc5 d4 8. Nd5 Nc6 9. Nf3 O-O 10. g3 e6 11. Nb4 Bd7 12. Bg2 a5 13. Nxc6 Bxc6 14. O-O Qe7 15. Ng5 Qxc5 16. Ne4 Bxe4 17. Bxe4 f5 18. Bf3 Nf6 19. Qb3 e5 20. Bd5+ Kh8 21.
Rc2 Rab8 22. Qa4 b5 23. Qa3 b4 24. Qb3 e4 25. Bxe4 fxe4 26. Bf4 Rbd8 27. Rd1 Ng4 28. h3 Ne5 29. Kg2 Nc6 30. Qa4 g5 31. Bc1 Rd6 32.
Qb5 Rf5 33. Qb7 Rdf6 34. Qc8+ Rf8 35. Qd7 Rxf2+ 36. Kg1 Qe5 0-1